 Dungeon Crawl Stone Soup version 0.27-a0-1299-g1ab19c6527 (webtiles) character file.

Game seed: 9643415472178872028

6029 mordus the Destroyer (level 10, -8/76 HPs)
             Began as a Gnoll Conjurer on June 16, 2021.
             Was an Initiate of Vehumet.
             Killed from afar by a fire dragon (40 damage)
             ... with a blast of flame
             ... on level 9 of the Dungeon.
             The game lasted 00:33:41 (11582 turns).

mordus the Destroyer (Gnoll Conjurer)              Turns: 11582, Time: 00:33:42

Health: -8/76      AC:  8    Str: 13    XL:     10   Next: 86%
Magic:  18/21      EV: 13    Int: 20    God:    Vehumet [......]
Gold:   518        SH:  5    Dex:  8    Spells: 13/24 levels left

rFire    . . .     SeeInvis .   y - +1 short sword of the Crushing Madman {freeze, rN+++ Str+5 Dex-2}
rCold    + . .     Faith    .   w - +0 buckler
rNeg     + + +     Spirit   .   o - +2 leather armour {rC+}
rPois    +         Reflect  .   (no helmet)
rElec    .         Harm     .   j - +1 cloak {Stlth+}
rCorr    .         Rampage  .   (no gloves)
Will     .....                  (no boots)
Stlth    ++++......             (no amulet)
HPRegen  0.22/turn              c - ring of poison resistance
MPRegen  0.17/turn              (no ring)

@: studying Shields
A: fangs 1, strong nose, distributed training
a: Renounce Religion


You were on level 9 of the Dungeon.
You worshipped Vehumet.
Vehumet was noncommittal.
You visited 2 branches of the dungeon, and saw 10 of its levels.

You collected 518 gold pieces.

Inventory:

Hand Weapons
 b - a +0 dagger
 h - a +1 short sword of venom
 i - a +5 quarterstaff of chaos
 m - a +2 vampiric dagger
 y - the +1 short sword of the Crushing Madman (weapon) {freeze, rN+++ Str+5 Dex-2}
   (You found it on level 6 of the Dungeon)

   It has been specially enchanted to freeze those struck by it, causing extra
   injury to most foes and up to half again as much damage against particularly
   susceptible opponents.
   It can also slow down cold-blooded creatures.
   It affects your strength (+5).
   It affects your dexterity (-2).
   It renders you almost immune to negative energy.
Missiles
 G - 2 throwing nets
Armour
 a - a +0 robe
 j - a +1 cloak of stealth (worn)
 o - a +2 leather armour of cold resistance (worn)
 w - a +0 buckler (worn)
 E - +0 steam dragon scales
Magical Staves
 t - a staff of conjuration
 v - a staff of poison
 K - a staff of cold
Jewellery
 c - a ring of poison resistance (left hand)
Wands
 e - a wand of acid (10)
 k - a wand of flame (15)
 I - a wand of iceblast (15)
 J - a wand of paralysis (9)
Scrolls
 d - 5 scrolls of identify
 f - 2 scrolls of teleportation
 p - 3 scrolls of enchant weapon
 u - a scroll of brand weapon {unknown}
 x - 3 scrolls of enchant armour {unknown}
 C - 3 scrolls of fear {unknown}
 D - a scroll of immolation {unknown}
Potions
 g - a potion of haste
 l - 6 potions of lignification
 n - a potion of cancellation
 q - 2 potions of berserk rage {unknown}
 r - 4 potions of mutation {unknown}
 s - a potion of attraction {unknown}
 z - 2 potions of curing
 A - 3 potions of magic {unknown}
 B - a potion of flight {unknown}
 F - a potion of heal wounds {unknown}
 H - a potion of invisibility {unknown}


   Skills:
 + Level 5.6 Fighting
 + Level 5.6 Short Blades
 + Level 5.6 Long Blades
 + Level 5.6 Axes
 + Level 5.6 Maces & Flails
 + Level 5.6 Polearms
 + Level 5.6 Staves
 + Level 5.6 Slings
 + Level 5.6 Bows
 + Level 5.6 Crossbows
 + Level 5.6 Throwing
 + Level 5.6 Armour
 + Level 7.4 Dodging
 + Level 7.1 Stealth
 + Level 6.9 Shields
 + Level 5.6 Unarmed Combat
 + Level 7.6 Spellcasting
 + Level 8.6 Conjurations
 + Level 4.7 Hexes
 + Level 4.7 Summonings
 + Level 4.7 Necromancy
 + Level 4.7 Translocations
 + Level 4.7 Transmutations
 + Level 4.7 Fire Magic
 + Level 4.7 Ice Magic
 + Level 4.7 Air Magic
 + Level 4.7 Earth Magic
 + Level 4.7 Poison Magic
 + Level 6.2 Invocations
 + Level 5.6 Evocations


You had 13 spell levels left.
You knew the following spells:

 Your Spells              Type           Power      Damage    Failure   Level
a - Magic Dart            Conj           100%       1d8       1%          1
b - Searing Ray           Conj           84%        3d6       1%          2
c - Fulminant Prism       Conj/Hex       17%        3d11      7%          4
d - Iskenderun's Mystic   Conj/Tloc      34%        2d8       7%          4

Your spell library contained the following spells:

 Spells                   Type           Power      Damage    Failure   Level
 Beastly Appendage        Tmut           52%        N/A       1%          1
 Dazzling Flash           Conj/Hex       68%        N/A       1%          3
 Wereblood                Tmut           26%        N/A       2%          2
 Spider Form              Tmut/Pois      13%        N/A       4%          3
 Ice Form                 Ice/Tmut       26%        N/A       16%         4


Dungeon Overview and Level Annotations

Branches:
Dungeon (9/15)             Temple (1/1) D:7
   Lair: D:8-11         Orc: D:9-12

Altars:
Ashenzari
Cheibriados
Dithmenos
Elyvilon
Fedhas
Gozag
Hepliaklqana
Nemelex Xobeh
Okawaru
Qazlal
Ru
Sif Muna
Trog
Uskayaw
Vehumet
Wu Jian
Xom
Yredelemnul
The Shining One

Shops:
D:1 [


Innate Abilities, Weirdness & Mutations

You have very sharp teeth.
Your uncanny sense of smell can sniff out nearby items.
Your experience applies equally to all skills.


Message History

The fire dragon is lightly wounded.
The fire dragon bites you but does no damage.
You block the fire dragon's attack. The fire dragon tramples you.
You hold your ground!
You hit the fire dragon but do no damage.
The fire dragon is lightly wounded.
The fire dragon breathes flames at you.
The blast of flame hits you but does no damage.
You hit the fire dragon. You freeze the fire dragon. You bite the fire dragon.
The fire dragon is lightly wounded.
You hit the fire dragon. You freeze the fire dragon.
The fire dragon is moderately wounded.
The fire dragon closely misses you. The fire dragon claws you!
The fire dragon closely misses you.
You closely miss the fire dragon.
The fire dragon is moderately wounded.
The fire dragon bites you but does no damage.
The fire dragon claws you!
The fire dragon tramples you but does no damage.
You hit the fire dragon but do no damage.
Your bite misses the fire dragon.
The fire dragon is moderately wounded.
You block the fire dragon's attack. The fire dragon claws you.
The fire dragon tramples you.
You hold your ground!
Casting: Searing Ray (safe; 1% risk of failure)
Confirm with . or Enter, or press ? or * to list all spells.
Aiming: Searing Ray (safe; 1% risk of failure)
Press: ? - help, Shift-Dir - straight line, f/p - fire dragon
Aim: a fire dragon (moderately wounded, 87% to hit)
The searing ray hits the fire dragon.
The fire dragon is moderately wounded. (Press . to maintain the ray.)
The fire dragon bites you! The fire dragon claws you.
The fire dragon tramples you.
You hold your ground!
Things that are here:
a shapeshifter corpse; a water moccasin corpse The fire dragon breathes flames at you.
The blast of flame hits you!!!
Ouch! That really hurt!
You die...

####### ...
#####....=#∆ ###
#....####
#####...#
#.†####
###.##### #####
#D##...# .....
#.#.#### #####
######@..#
..........#
.########.# #>#
#.#
#.########.#####
#...............
#.########.#####
#.########.# #.#


You could see a fire dragon (catching breath).

Vanquished Creatures
  Harold (D:7)
  Pikel (D:5)
  An ugly thing (D:6)
  Maggie (D:7)
  A kobold demonologist (D:5)
  Grinder (D:3)
  A raiju (shapeshifter) (D:9)
  A shadow (D:6)
  A wraith (D:6)
  A yak (D:6)
  A vampire mosquito (D:5)
  A water moccasin (D:9)
  An orc warrior (D:5)
  2 ice beasts (D:6)
  2 necrophages (D:6)
  2 ogres
  2 centaurs
  4 phantoms
  4 lemures (D:5)
  A kobold brigand (D:6)
  3 bullfrogs
  A scorpion (D:6)
  A water moccasin skeleton (D:6)
  4 killer bees (D:8)
  5 wights
  2 howler monkeys (D:9)
  2 centaur zombies (D:6)
  3 hounds (D:4)
  2 bullfrog zombies
  2 bullfrog skeletons
  6 orc priests
  Crazy Yiuf (D:2)
  Ijyb (D:3)
  3 iguanas
  7 orc wizards
  A gnoll (D:4)
  A howler monkey skeleton (D:4)
  5 adders
  A shadow imp (D:3)
  3 white imps
  An ufetubus (D:5)
  A worm (D:3)
  A dart slug (D:1)
  36 orcs
  3 bats (D:1)
  6 endoplasms
  2 giant cockroaches (D:1)
  6 goblins
  4 hobgoblins
  2 quokkas (D:1)
  8 ball pythons
  4 frilled lizards
  8 kobolds
  A quokka skeleton (D:4)
  6 rats
173 creatures vanquished.

Vanquished Creatures (others)
  An orc warrior (D:9)
  A centaur (D:9)
  A bullfrog (D:9)
  A howler monkey (D:9)
  11 fulminant prisms
  3 plants (D:1)
18 creatures vanquished.

Grand Total: 191 creatures vanquished

Notes
Turn   | Place    | Note
-------+----------+-------------------------------------------
     0 | D:1      | mordus the Gnoll Conjurer began the quest for the Orb.
     0 | D:1      | Reached XP level 1. HP: 13/13 MP: 6/6
   134 | D:1      | Reached XP level 2. HP: 19/19 MP: 5/7
   282 | D:1      | Learned a level 2 spell: Searing Ray
   652 | D:1      | Reached XP level 3. HP: 23/25 MP: 3/9
   817 | D:1      | Reached skill level 5 in Spellcasting
   890 | D:1      | Found Keid Ucvij's Antique Armour Shop.
  1194 | D:1      | Reached skill level 1 in Invocations
  1585 | D:2      | Reached skill level 1 in Fighting
  1585 | D:2      | Reached skill level 1 in Short Blades
  1585 | D:2      | Reached skill level 1 in Long Blades
  1585 | D:2      | Reached skill level 1 in Axes
  1585 | D:2      | Reached skill level 1 in Maces & Flails
  1585 | D:2      | Reached skill level 1 in Polearms
  1585 | D:2      | Reached skill level 1 in Staves
  1585 | D:2      | Reached skill level 1 in Slings
  1585 | D:2      | Reached skill level 1 in Bows
  1585 | D:2      | Reached skill level 1 in Crossbows
  1585 | D:2      | Reached skill level 1 in Throwing
  1585 | D:2      | Reached skill level 1 in Armour
  1585 | D:2      | Reached skill level 1 in Shields
  1585 | D:2      | Reached skill level 1 in Unarmed Combat
  1585 | D:2      | Reached skill level 1 in Evocations
  1873 | D:2      | Found a faded altar of an unknown god.
  2280 | D:2      | Found a runed translucent door.
  2281 | D:2      | Noticed Crazy Yiuf
  2288 | D:2      | Killed Crazy Yiuf
  2289 | D:2      | Reached XP level 4. HP: 32/32 MP: 4/11
  2390 | D:3      | Noticed Ijyb
  2400 | D:3      | Killed Ijyb
  2401 | D:3      | Reached skill level 1 in Hexes
  2401 | D:3      | Reached skill level 1 in Summonings
  2401 | D:3      | Reached skill level 1 in Necromancy
  2401 | D:3      | Reached skill level 1 in Translocations
  2401 | D:3      | Reached skill level 1 in Transmutations
  2401 | D:3      | Reached skill level 1 in Fire Magic
  2401 | D:3      | Reached skill level 1 in Ice Magic
  2401 | D:3      | Reached skill level 1 in Air Magic
  2401 | D:3      | Reached skill level 1 in Earth Magic
  2401 | D:3      | Reached skill level 1 in Poison Magic
  2439 | D:3      | Reached XP level 5. HP: 37/37 MP: 9/12
  2508 | D:3      | Found a bloodstained altar of Trog.
  2510 | D:3      | Found a hide-covered altar of Uskayaw.
  2512 | D:3      | Found a radiant altar of Vehumet.
  2513 | D:3      | Found a blossoming altar of Fedhas.
  2513 | D:3      | Found a basalt altar of Yredelemnul.
  2897 | D:3      | Found an opulent altar of Gozag.
  3061 | D:3      | Noticed Grinder
  3071 | D:3      | Paralysed by Grinder for 3 turns
  3077 | D:3      | Killed Grinder
  3078 | D:3      | Reached skill level 5 in Dodging
  3078 | D:3      | Reached XP level 6. HP: 26/44 MP: 9/14
  3757 | D:4      | Reached XP level 7. HP: 49/50 MP: 12/15
  3924 | D:4      | Learned a level 4 spell: Fulminant Prism
  3929 | D:4      | Learned a level 4 spell: Iskenderun's Mystic Blast
  4482 | D:4      | Reached skill level 5 in Stealth
  4915 | D:5      | Entered Level 5 of the Dungeon
  4996 | D:5      | Reached XP level 8. HP: 57/57 MP: 12/16
  5772 | D:5      | Noticed a kobold demonologist
  5780 | D:5      | Killed a kobold demonologist
  5953 | D:5      | Reached XP level 9. HP: 65/65 MP: 15/18
  6002 | D:5      | Noticed Pikel
  6011 | D:5      | Killed Pikel
  6558 | D:6      | Reached skill level 8 in Conjurations
  6837 | D:6      | Reached skill level 5 in Invocations
  6855 | D:6      | Reached skill level 5 in Shields
  7407 | D:6      | Identified the +1 short sword of the Crushing Madman
                  | {freeze, rN+++ Str+5 Dex-2}
  7549 | D:6      | Noticed a cyan ugly thing
  7570 | D:6      | Killed a cyan ugly thing
  7571 | D:6      | Reached XP level 10. HP: 51/73 MP: 4/20
  7845 | D:6      | Reached skill level 5 in Fighting
  7845 | D:6      | Reached skill level 5 in Short Blades
  7845 | D:6      | Reached skill level 5 in Long Blades
  7845 | D:6      | Reached skill level 5 in Axes
  7845 | D:6      | Reached skill level 5 in Maces & Flails
  7845 | D:6      | Reached skill level 5 in Polearms
  7845 | D:6      | Reached skill level 5 in Staves
  7845 | D:6      | Reached skill level 5 in Slings
  7845 | D:6      | Reached skill level 5 in Bows
  7845 | D:6      | Reached skill level 5 in Crossbows
  7845 | D:6      | Reached skill level 5 in Throwing
  7845 | D:6      | Reached skill level 5 in Armour
  7845 | D:6      | Reached skill level 5 in Unarmed Combat
  7845 | D:6      | Reached skill level 5 in Evocations
  8364 | D:7      | Found a staircase to the Ecumenical Temple.
  8427 | D:7      | Noticed Maggie
  8444 | D:7      | Killed Maggie
  8649 | D:7      | Noticed Harold
  8961 | D:7      | Killed Harold
  9290 | Temple   | Entered the Ecumenical Temple
  9692 | D:3      | Became a worshipper of Vehumet
 10731 | D:8      | Found a glowing golden altar of the Shining One.
 11330 | D:9      | Found an iron altar of Okawaru.
 11558 | D:9      | Noticed a fire dragon
 11582 | D:9      | Killed from afar by a fire dragon

Illustrated notes

Levels and vault maps discovered:
D:1:      dpeg_arrival_boxorama, layout_loops_ring, serial_shops,
          nicolae_shop_overgrown_old_shop
D:2:      layout_loops_corners, hellmonk_ecumenical_altar_inner_sanctum,
          nrook_mini_backslash, uniq_crazy_yiuf_cottage
D:3:      layout_loops_corners, grunt_temple_overflow_open,
          nicolae_gozag_cash_rules_everything_around_me, minmay_misc_feat_tower,
          uniq_grinder, uniq_ijyb
D:4:      layout_cave_pods, cheibrodos_gnoll_hut
D:5:      layout_loops_corners, hangedman_glass_garden, minmay_manual_maat,
          uniq_pikel
D:6:      minmay_chambers_of_sixes, layout_loops_ring, grunt_ministairs_6,
          roderic_serpentine_path, minivault_27, minmay_microvault
D:7:      layout_rooms, temple_statues, uniq_maggie, uniq_harold
D:8:      layout_basic, tso_oasis_becter
D:9:      minmay_chopped_fan, layout_small_grid, lemuel_round_altar,
          lemuel_flamethrower_2
Temple:   minmay_temple_curvy_loop

Skill      XL: |  1  2  3  4  5  6  7  8  9 10 |
---------------+-------------------------------+-----
Spellcasting   | 5 6 7 |  7.6
Invocations    | 1 2 3 4 5 6 |  6.2
Fighting       | 1 2 3 4 5 |  5.6
Short Blades   | 1 2 3 4 5 |  5.6
Long Blades    | 1 2 3 4 5 |  5.6
Axes           | 1 2 3 4 5 |  5.6
Maces & Flails | 1 2 3 4 5 |  5.6
Polearms       | 1 2 3 4 5 |  5.6
Staves         | 1 2 3 4 5 |  5.6
Slings         | 1 2 3 4 5 |  5.6
Bows           | 1 2 3 4 5 |  5.6
Crossbows      | 1 2 3 4 5 |  5.6
Throwing       | 1 2 3 4 5 |  5.6
Armour         | 1 2 3 4 5 |  5.6
Shields        | 1 2 3 5 6 |  6.9
Unarmed Combat | 1 2 3 4 5 |  5.6
Evocations     | 1 2 3 4 5 |  5.6
Hexes          | 1 2 3 4 |  4.7
Summonings     | 1 2 3 4 |  4.7
Necromancy     | 1 2 3 4 |  4.7
Translocations | 1 2 3 4 |  4.7
Transmutations | 1 2 3 4 |  4.7
Fire Magic     | 1 2 3 4 |  4.7
Ice Magic      | 1 2 3 4 |  4.7
Air Magic      | 1 2 3 4 |  4.7
Earth Magic    | 1 2 3 4 |  4.7
Poison Magic   | 1 2 3 4 |  4.7
Dodging        | 5 6 7 |  7.4
Stealth        | 5 6 7 |  7.1
Conjurations   | 8 |  8.6

Action                   |  1- 3 |  4- 6 |  7- 9 | 10-12 || total
-------------------------+-------+-------+-------+-------++-------
Melee: Dagger            |    37 |       |       |       ||    37
       Unarmed           |    11 |       |       |       ||    11
       Bite              |     5 |       |     4 |     2 ||    11
       Quarterstaff      |       |    21 |    52 |       ||    73
       Staff             |       |       |    15 |     4 ||    19
       Short sword       |       |       |       |     9 ||     9
 Cast: Magic Dart        |    46 |    20 |     7 |    21 ||    94
       Searing Ray       |     4 |     8 |    44 |    34 ||    90
       Fulminant Prism   |       |       |     1 |    10 ||    11
       Iskenderun's Myst |       |       |     1 |     2 ||     3
  Use: Scroll            |       |       |     9 |       ||     9
 Stab: Sleeping          |     2 |     1 |     1 |       ||     4
       Confused          |       |     1 |       |       ||     1
Armor: Robe              |    12 |     5 |       |       ||    17
       Leather armour    |       |       |    43 |    18 ||    61
Dodge: Dodged            |    45 |     8 |    78 |    24 ||   155
Block: Buckler           |       |       |     2 |    13 ||    15

Table legend: (Time is in decaauts)
 A = Elapsed time spent in this place.
 B = Non-inter-level travel time spent in this place.
 C = Inter-level travel time spent in this place.
 D = Time resting spent in this place.
 E = Time spent auto-exploring this place.
 F = Levels seen in this place.
 G = Mean time per level.
                   A        B        C        D        E       F      G
               +--------+--------+--------+--------+--------+-----+--------+
         Total |  11620 |  11092 |    528 |   1760 |   7726 |  10 | 1162.0 |
       Dungeon |  11322 |  10836 |    486 |   1760 |   7513 |   9 | 1258.0 |
        Temple |    297 |    256 |     41 |      0 |    213 |   1 |  297.0 |
               +--------+--------+--------+--------+--------+-----+--------+

Top non-repeatable levels by time:
     D:6: 1971 daAuts
     D:5: 1544 daAuts
     D:4: 1484 daAuts
     D:1: 1290 daAuts
     D:3: 1258 daAuts
     D:8: 1193 daAuts
     D:2: 1091 daAuts
     D:7: 982 daAuts
     D:9: 507 daAuts
  Temple: 297 daAuts
